 Dungeon Crawl Stone Soup version 0.31-a0-236-g9a0961fb85 (webtiles) character file.

Game seed: 3890957131486289347

126 qw the Shooter (level 4, -7/36 HPs)
             Began as a Minotaur Hexslinger on July 10, 2023.
             Mangled by Terence
             ... wielding a +6 hand axe of holy wrath
              (9 damage)
             ... on level 3 of the Dungeon.
             The game lasted 00:00:43 (1919 turns).

qw the Shooter (Minotaur Hexslinger)                Turns: 1919, Time: 00:00:44

Health: -7/36      AC:  5    Str: 12    XL:     4   Next: 84%
Magic:  4/4        EV: 11    Int: 10    God:
Gold:   127        SH:  0    Dex: 15    Spells: 4/5 levels left

rFire   . . .        Y - +1 sling
rCold   . . .        (no shield)
rNeg    . . .        h - +0 ring mail
rPois   .            (helmet restricted)
rElec   .            (no cloak)
rCorr   .            (no gloves)
SInv    .            (no boots)
Will    .....        (no amulet)
Stlth   +            (no ring)
HPRegen 0.26/turn    (no ring)
MPRegen 0.09/turn

%: no passive effects
@: no status effects
A: horns 2, retaliatory headbutt
a: no special abilities


You were on level 3 of the Dungeon.
You visited 1 branch of the dungeon, and saw 3 of its levels.

You collected 127 gold pieces.


Innate Abilities, Weirdness & Mutations

You have a pair of horns on your head.
You reflexively headbutt those who attack you in melee.


   Skills:
 + Level 2.0 Fighting
 - Level 5.2 Ranged Weapons
 - Level 1.0 Armour
 - Level 2.1 Dodging
 - Level 1.0 Spellcasting
 - Level 2.0 Hexes


You had 4 spell levels left.
You knew the following spells:

 Your Spells              Type           Power      Damage    Failure   Level
a - Slow                  Hex            16%        N/A       34%         1

Your spell library contained the following spells:

 Spells                   Type           Power      Damage    Failure   Level
 Inner Flame              Hex/Fire       2%         N/A       83%         3
 Portal Projectile        Hex/Tloc       4%         N/A       83%         3
 Cause Fear               Hex            2%         N/A       98%         4

Inventory:

Hand Weapons
 Y - a +1 sling (weapon)
Armour
 h - a +0 ring mail (worn)
Scrolls
 a - a scroll of identify
Potions
 b - a potion of enlightenment {unknown}

Dungeon Overview and Level Annotations

Branches:
Dungeon (3/15)

Altars:

Annotations:
D:3 Terence


Message History

You see here a +0 falchion.
Found a stone staircase leading up.
Terence the Incautious comes into view.
He is wielding a +6 hand axe of holy wrath.
Terence shouts!
Enter note:
Enter note: You shoot a sling bullet.
The sling bullet hits Terence but does no damage.
You shoot a sling bullet. The sling bullet barely misses Terence.
You shoot a sling bullet.
The sling bullet completely misses Terence.
You shoot a sling bullet. The sling bullet hits Terence.
Terence is lightly wounded.
You shoot a sling bullet.
The sling bullet hits Terence but does no damage.
Terence is lightly wounded.
Terence hits you with a +6 hand axe of holy wrath.
You shoot a sling bullet. The sling bullet hits Terence.
Terence is moderately wounded.
Terence hits you with a +6 hand axe of holy wrath. x2
You shoot a sling bullet. The sling bullet hits Terence.
Terence is moderately wounded.
Terence closely misses you.
You shoot a sling bullet. The sling bullet barely misses Terence.
Terence closely misses you.
You shoot a sling bullet.
The sling bullet hits Terence but does no damage.
Terence is moderately wounded.
Terence hits you with a +6 hand axe of holy wrath!
Terence screams, "I want your blood!"
Terence hits you with a +6 hand axe of holy wrath!
You shoot a sling bullet.
The sling bullet closely misses Terence.
Terence completely misses you.
You shoot a sling bullet. The sling bullet barely misses Terence.
Terence hits you with a +6 hand axe of holy wrath!
You shoot a sling bullet. The sling bullet hits Terence.
Terence is heavily wounded.
Terence hits you with a +6 hand axe of holy wrath!
You die...

#######
#.....################..
#.###...........@@......
#.# ####################
#.####### .........
..####<#. ..# ..# ..#
###


You could see Terence.

Vanquished Creatures
  An orc priest (D:3)
  An orc wizard (D:3)
  An adder (D:2)
  A dart slug (D:2)
  7 orcs (D:3)
  4 endoplasms
  A giant cockroach (D:1)
  5 hobgoblins
  8 jackals (D:2)
  3 kobolds
  4 ball pythons
  3 bats
  A frilled lizard (D:1)
  7 goblins
  3 rats
50 creatures vanquished.

Notes
Turn   | Place    | Note
-------+----------+-------------------------------------------
     0 | D:1      | qw the Minotaur Hexslinger began the quest for the Orb.
     0 | D:1      | Reached XP level 1. HP: 16/16 MP: 1/1
     0 | D:1      | 0 ||| qw: Version: 0.3-a-51-g015441d
     0 | D:1      | 0 ||| qw: Game counter: 4469
     0 | D:1      | 0 ||| qw: Melee chars always use a shield: true
     0 | D:1      | 0 ||| qw: God list: Okawaru
     0 | D:1      | 0 ||| qw: Allow faded altars: false
     0 | D:1      | 0 ||| qw: Do Orc after clearing Dungeon:15 true
     0 | D:1      | 0 ||| qw: Do second Lair branch before Depths: true
     0 | D:1      | 0 ||| qw: Lair rune preference: random
     0 | D:1      | 0 ||| qw: Goals: Normal
     0 | D:1      | 0 ||| PLANNING D:1-11
    86 | D:1      | Found a faded altar of an unknown god.
   436 | D:1      | Reached skill level 3 in Ranged Weapons
   452 | D:1      | Reached XP level 2. HP: 23/23 MP: 2/2
   764 | D:1      | 764 ||| UPGRADING to +0 ring mail.
   774 | D:1      | 774 ||| DROPPING +0 robe.
   775 | D:1      | 775 ||| READING 4 scrolls labelled BASKUC JULAIM.
   776 | D:1      | 776 ||| DRINKING 2 black potions.
   777 | D:1      | 777 ||| READING 3 scrolls of identify.
   777 | D:1      | 777 ||| IDENTIFYING lumpy golden potion
   778 | D:1      | 778 ||| READING 2 scrolls of identify.
   778 | D:1      | 778 ||| IDENTIFYING smoky coppery potion
   779 | D:1      | 779 ||| DROPPING scroll of poison.
   780 | D:1      | 780 ||| DROPPING potion of degeneration.
   781 | D:1      | 781 ||| DROPPING potion of ambrosia.
  1013 | D:2      | Reached XP level 3. HP: 24/29 MP: 3/3
  1128 | D:2      | 1128 ||| FLEEEEING.
  1129 | D:2      | 1129 ||| FLEEEEING.
  1468 | D:2      | Reached skill level 4 in Ranged Weapons
  1580 | D:2      | 1580 ||| DROPPING amulet of magic regeneration.
  1581 | D:2      | 1581 ||| READING scroll labelled NAFEIKLOTI.
  1582 | D:2      | 1582 ||| READING scroll labelled PEFE KIGRATESKU.
  1583 | D:2      | 1583 ||| READING scroll labelled PYEKAICRIVERA.
  1584 | D:2      | 1584 ||| READING scroll labelled KOTZOMO OJEULO.
  1585 | D:2      | 1585 ||| DRINKING 2 metallic yellow potions.
  1586 | D:2      | 1586 ||| READING 2 scrolls of identify.
  1586 | D:2      | 1586 ||| IDENTIFYING sapphire potion
  1587 | D:2      | 1587 ||| DROPPING potion of invisibility.
  1588 | D:2      | 1588 ||| DROPPING potion of brilliance.
  1644 | D:3      | Reached skill level 1 in Armour
  1663 | D:3      | 1663 ||| DRINKING 2 potions of curing.
  1663 | D:3      | 1663 ||| (to cure confusion)
  1670 | D:3      | 1670 ||| DRINKING potion of curing.
  1670 | D:3      | 1670 ||| (to cure confusion)
  1681 | D:3      | Reached XP level 4. HP: 21/36 MP: 4/4
  1798 | D:3      | Reached skill level 5 in Ranged Weapons
  1907 | D:3      | Noticed Terence
  1916 | D:3      | HP: 8/36 [Terence/+6 hand axe of holy wrath (7)]
  1918 | D:3      | HP: 2/36 [Terence/+6 hand axe of holy wrath (7)]
  1919 | D:3      | Mangled by Terence

Levels and vault maps discovered:
D:1:      dpeg_arrival_simpleton_a, layout_basic,
          shapermc_ecumenical_altar_acropolis
D:2:      layout_basic
D:3:      layout_loops_ring, hellmonk_ghost_happy_afterlife, uniq_terence

Skill      XL: |  1  2  3  4 |
---------------+-------------+-----
Ranged Weapons | 3 4 5 |  5.2
Fighting       | 2 |  2.0
Armour         | 1 |  1.0
Dodging        | |  2.1
Spellcasting   | |  1.0
Hexes          | |  2.0

Action                     |  1- 3 |  4- 6 || total
---------------------------+-------+-------++-------
   Fire: Sling             |   133 |    31 ||   164
    Use: Scroll            |     8 |       ||     8
         Potion            |     4 |       ||     4
 Armour: Robe              |     2 |       ||     2
         Ring mail         |    33 |     5 ||    38
  Dodge: Dodged            |    68 |    11 ||    79

Table legend:
 A = Non-vault XP
 B = Vault XP
 C = Vault XP percentage of total XP
 D = Non-vault monster count
 E = Vault monster count
 F = Vault count percentage of total count
                 A         B        C        D         E       F
            +---------+---------+-------+---------+---------+-------
      Total |     181 |       0 |   0.0 |      50 |       0 |   0.0
            +---------+---------+-------+---------+---------+-------
        D:1 |      29 |       0 |   0.0 |      18 |       0 |   0.0
        D:2 |      48 |       0 |   0.0 |      19 |       0 |   0.0
        D:3 |     104 |       0 |   0.0 |      13 |       0 |   0.0
            +---------+---------+-------+---------+---------+-------
